SA
CALDWELL CHIEFS @ MYRTLE BEACH SEAHAWKS
09/13/2041
 
TOP OF THE 1ST
Caldwell Chiefs batting - Pitching for Myrtle Beach Seahawks : RHP William Morán
Pitching: RHP William Morán
Batting: LHB John Kersey 0-0: Ball
1-0: Fly out, F8 (Flyball, 8RM, EV 98.1 MPH)
Batting: LHB Jorge Napolez 0-0: Ball
1-0: Ball
2-0: Called Strike
2-1: Ball
3-1: Foul Ball, location: 2F
3-2: TRIPLE (Line Drive, 9D, EV 99.4 MPH)
Batting: LHB Richard Barlow 0-0: Ball
1-0: Called Strike
1-1: Ball
2-1: Foul Ball, location: 2F
2-2: Strikes out swinging
Batting: LHB Rafael Martínez 0-0: Ball
1-0: Ball
2-0: Ball
3-0: Base on Balls
Batting: RHB Kuan Pi 0-0: Foul Ball, location: 2F
0-1: Foul Ball, location: 2F
0-2: Ball
1-2: Foul Ball, location: 2F
1-2: Ball
2-2: SINGLE (Flyball, 78S, EV 97.5 MPH)
Jorge Napolez scores
Rafael Martínez to second
Batting: RHB Bastien Oudin 0-0: Fielders Choice at 2nd, 6-4 (Groundball, 56, EV 101.9 MPH)
Top of the 1st over - 1 run, 2 hits, 0 errors, 2 left on base; Caldwell 1 - Myrtle Beach 0
BOTTOM OF THE 1ST
Myrtle Beach Seahawks batting - Pitching for Caldwell Chiefs : RHP Hsin-ta Lian
Pitching: RHP Hsin-ta Lian
Batting: RHB Xavier Botín 0-0: Ground out 5-3 (Groundball, 5, EV 88.1 MPH)
Batting: RHB Nicholas Colling 0-0: Ball
1-0: Swinging Strike
1-1: Fly out, F7 (Line Drive, 7, EV 93.1 MPH)
Batting: RHB Darren Gordam 0-0: Called Strike
0-1: Called Strike
0-2: Ground out 6-3 (Groundball, 6, EV 98.8 MPH)
Bottom of the 1st over - 0 runs, 0 hits, 0 errors, 0 left on base; Caldwell 1 - Myrtle Beach 0
TOP OF THE 2ND
Caldwell Chiefs batting - Pitching for Myrtle Beach Seahawks : RHP William Morán
Batting: RHB Jesús Mancebo 0-0: Ball
1-0: Foul Ball, location: 2F
1-1: Ball
2-1: Swinging Strike
2-2: Strikes out swinging
Batting: RHB Kane Felton 0-0: Ball
1-0: Ball
2-0: Ball
3-0: Called Strike
3-1: SINGLE (Flyball, 7S, EV 98.8 MPH)
Batting: RHB Derrick Davis 0-0: Fly out, F8 (Line Drive, 8LM, EV 93.8 MPH)
Batting: LHB John Kersey 0-0: Called Strike
0-1: Ball
1-1: Ball
Kane Felton is caught stealing 2nd base 2-6
Top of the 2nd over - 0 runs, 1 hit, 0 errors, 0 left on base; Caldwell 1 - Myrtle Beach 0
BOTTOM OF THE 2ND
Myrtle Beach Seahawks batting - Pitching for Caldwell Chiefs : RHP Hsin-ta Lian
Batting: RHB Wendel Koudstaal 0-0: Ball
1-0: Called Strike
1-1: Swinging Strike
1-2: Strikes out swinging
Batting: LHB Tim Carson 0-0: Ball
1-0: SOLO HOME RUN (Line Drive, 89XD, EV 100.6 MPH), Distance : 467 ft
Batting: RHB Cristo Lucas 0-0: Foul Ball, location: 2F
0-1: Ball
1-1: Foul Ball, location: 2F
1-2: Foul Ball, location: 2F
1-2: Ball
2-2: Ground out 6-3 (Groundball, 6, EV 78.8 MPH)
Batting: LHB John Allen 0-0: Ball
1-0: Foul Ball, location: 2F
1-1: Ball
2-1: Called Strike
2-2: Ball
3-2: Base on Balls
Batting: SHB Christian Davis 0-0: Foul Ball, location: 2F
0-1: Foul Ball, location: 2F
0-2: Ball
1-2: Ball
2-2: Foul Ball, location: 2F
2-2: Foul Ball, location: 2F
2-2: Ball
3-2: Base on Balls
John Allen to second
Batting: RHB Andrew Sprinkle 0-0: Ball
1-0: Foul Ball, location: 2F
1-1: Ball
2-1: Swinging Strike
2-2: Ball
3-2: Base on Balls
John Allen to third
Christian Davis to second
Batting: RHB Xavier Botín 0-0: Called Strike
0-1: Ball
1-1: Foul Ball, location: 2F
1-2: Ball
2-2: Ball
3-2: GRAND SLAM HOME RUN (Flyball, 8RXD, EV 98.1 MPH), Distance : 457 ft
Pitching: LHP Raúl Villegas
Batting: RHB Nicholas Colling 0-0: Swinging Strike
0-1: Ball
1-1: SINGLE (Groundball, 34D, EV 103.1 MPH)
Batting: RHB Darren Gordam 0-0: Called Strike
0-1: Swinging Strike
0-2: Foul Ball, location: 2F
0-2: Fielders Choice at 2nd, 6-4 (Groundball, 6, EV 85.0 MPH)
Bottom of the 2nd over - 5 runs, 3 hits, 0 errors, 1 left on base; Caldwell 1 - Myrtle Beach 5
TOP OF THE 3RD
Caldwell Chiefs batting - Pitching for Myrtle Beach Seahawks : RHP William Morán
Batting: LHB John Kersey 0-0: Ground out 6-3 (Groundball, 6, EV 82.5 MPH)
Batting: LHB Jorge Napolez 0-0: DOUBLE (Groundball, 5L, EV 104.4 MPH)
Batting: LHB Richard Barlow 0-0: Called Strike
Jorge Napolez steals 3rd base
0-1: Ball
1-1: Swinging Strike
1-2: 2-RUN HOME RUN (Line Drive, 9D, EV 106.9 MPH), Distance : 416 ft
Batting: LHB Rafael Martínez 0-0: Called Strike
0-1: Foul Ball, location: 2F
0-2: Strikes out looking
Batting: RHB Kuan Pi 0-0: Ball
1-0: Ball
2-0: Ball
3-0: Called Strike
3-1: Called Strike
3-2: SINGLE (Groundball, 4M, EV 102.5 MPH) (infield hit)
Batting: RHB Bastien Oudin 0-0: Ball
1-0: Ball
2-0: Foul Ball, location: 2F
2-1: Ball
3-1: Base on Balls
Kuan Pi to second
Batting: RHB Jesús Mancebo 0-0: Ball
1-0: Fly out, F9 (Flyball, 9LM, EV 96.9 MPH)
Top of the 3rd over - 2 runs, 3 hits, 0 errors, 2 left on base; Caldwell 3 - Myrtle Beach 5
BOTTOM OF THE 3RD
Myrtle Beach Seahawks batting - Pitching for Caldwell Chiefs : LHP Raúl Villegas
Batting: RHB Wendel Koudstaal 0-0: Ball
1-0: Fly out, F7 (Flyball, 7D, EV 95.0 MPH)
Batting: LHB Tim Carson 0-0: Ball
1-0: Fly out, F9 (Flyball, 89D, EV 75.6 MPH)
Batting: RHB Cristo Lucas 0-0: Called Strike
0-1: Ball
1-1: SINGLE (Groundball, 6D, EV 101.9 MPH)
Batting: LHB John Allen 0-0: Foul Ball, location: 2F
0-1: Ball
1-1: SINGLE (Flyball, 9S, EV 86.9 MPH)
Cristo Lucas to second
Runner from 2nd tries for 3rd, SAFE, throw by RF made to third
Batting: SHB Christian Davis 0-0: Foul Ball, location: 2F
0-1: Hit by Pitch
John Allen to second
Batting: RHB Andrew Sprinkle 0-0: TRIPLE (Line Drive, 89XD, EV 110.6 MPH)
Cristo Lucas scores
John Allen scores
Christian Davis scores
Pitching: RHP Jiao-long Yuen
Batting: RHB Xavier Botín 0-0: Called Strike
0-1: Foul Ball, location: 2F
0-2: Foul Ball, location: 2F
0-2: Ball
1-2: Ball
2-2: Ground out 6-3 (Groundball, 6, EV 99.4 MPH)
Bottom of the 3rd over - 3 runs, 3 hits, 0 errors, 1 left on base; Caldwell 3 - Myrtle Beach 8
TOP OF THE 4TH
Caldwell Chiefs batting - Pitching for Myrtle Beach Seahawks : RHP William Morán
Batting: RHB Kane Felton 0-0: Called Strike
0-1: Ball
1-1: Ball
2-1: Swinging Strike
2-2: Strikes out swinging
Batting: RHB Derrick Davis 0-0: Foul Ball, location: 2F
0-1: Ball
1-1: SINGLE (Line Drive, 7S, EV 93.1 MPH)
Batting: LHB John Kersey 0-0: Ball
Derrick Davis is caught stealing 2nd base 2-6
1-0: Foul Ball, location: 2F
1-1: Ball
2-1: Ball
3-1: Ground out 5-3 (Groundball, 56S, EV 83.1 MPH)
Top of the 4th over - 0 runs, 1 hit, 0 errors, 0 left on base; Caldwell 3 - Myrtle Beach 8
BOTTOM OF THE 4TH
Myrtle Beach Seahawks batting - Pitching for Caldwell Chiefs : RHP Jiao-long Yuen
Batting: RHB Nicholas Colling 0-0: Ball
1-0: Ground out 6-3 (Groundball, 6M, EV 92.5 MPH)
Batting: RHB Darren Gordam 0-0: Ball
1-0: SINGLE (Flyball, 9S, EV 90.0 MPH)
Batting: RHB Wendel Koudstaal 0-0: Ball
1-0: Ball
2-0: Ball
3-0: Called Strike
3-1: Called Strike
3-2: Fly out, F9 (Flyball, 8RS, EV 93.1 MPH)
Batting: LHB Tim Carson 0-0: Ball
Darren Gordam steals 2nd base
1-0: Foul Ball, location: 2F
1-1: Fly out, F8 (Line Drive, 8RM, EV 90.6 MPH)
Bottom of the 4th over - 0 runs, 1 hit, 0 errors, 1 left on base; Caldwell 3 - Myrtle Beach 8
TOP OF THE 5TH
Caldwell Chiefs batting - Pitching for Myrtle Beach Seahawks : RHP William Morán
Batting: LHB Jorge Napolez 0-0: Called Strike
0-1: Ball
1-1: Swinging Strike
1-2: Ball
2-2: Foul Ball, location: 2F
2-2: Ball
3-2: Strikes out looking
Pitching: RHP Joe Gregg
Batting: LHB Richard Barlow 0-0: Ball
1-0: Ball
2-0: Ground out 4-3 (Groundball, 4, EV 92.5 MPH)
Batting: LHB Rafael Martínez 0-0: Ball
1-0: Ground out 6-3 (Groundball, 6, EV 78.8 MPH)
Top of the 5th over - 0 runs, 0 hits, 0 errors, 0 left on base; Caldwell 3 - Myrtle Beach 8
BOTTOM OF THE 5TH
Myrtle Beach Seahawks batting - Pitching for Caldwell Chiefs : RHP Jiao-long Yuen
Batting: RHB Cristo Lucas 0-0: SINGLE (Groundball, 6D, EV 105.0 MPH)
Batting: LHB John Allen 0-0: Ball
1-0: Called Strike
1-1: Foul Ball, location: 2F
1-2: Strikes out swinging
Batting: SHB Christian Davis 0-0: SINGLE (Groundball, 34D, EV 105.6 MPH)
Cristo Lucas to second
Runner from 2nd tries for 3rd, SAFE, throw by RF made to third
Batting: RHB Andrew Sprinkle 0-0: Foul Ball, location: 2F
0-1: Ball
1-1: Called Strike
1-2: Ball
2-2: SINGLE (Flyball, 9S, EV 91.2 MPH)
Cristo Lucas scores
Christian Davis to second
Runner from 2nd tries for 3rd, SAFE, no throw by RF
Batting: RHB Xavier Botín 0-0: Foul Ball, location: 2F
0-1: Called Strike
Andrew Sprinkle steals 2nd base
0-2: Foul Ball, location: 2F
0-2: Strikes out swinging
Batting: RHB Nicholas Colling 0-0: Called Strike
0-1: Foul Ball, location: 2F
0-2: Ball
1-2: Ball
2-2: Ground out 6-3 (Groundball, 6, EV 88.1 MPH)
Bottom of the 5th over - 1 run, 3 hits, 0 errors, 2 left on base; Caldwell 3 - Myrtle Beach 9
TOP OF THE 6TH
Caldwell Chiefs batting - Pitching for Myrtle Beach Seahawks : RHP Joe Gregg
Batting: RHB Kuan Pi 0-0: Ball
1-0: Ball
2-0: Foul Ball, location: 2F
2-1: Ball
3-1: Base on Balls
Batting: RHB Bastien Oudin 0-0: Ball
1-0: Foul Ball, location: 2F
1-1: Ball
2-1: DOUBLE (Line Drive, 9LM, EV 96.9 MPH)
Kuan Pi to third
Kuan Pi scores
Batting: RHB Jesús Mancebo 0-0: Ball
1-0: Ball
2-0: Called Strike
2-1: Ball
3-1: Base on Balls
Batting: RHB Kane Felton 0-0: Fly out, F8 (Flyball, 8LS, EV 96.2 MPH)
Batting: RHB Derrick Davis 0-0: Ball
1-0: Ball
2-0: Foul Ball, location: 2F
2-1: Fly out, F8 (Flyball, 8LM, EV 88.1 MPH)
Batting: LHB John Kersey 0-0: Ball
1-0: Ball
2-0: Ground out 3-1 (Groundball, 3S, EV 68.1 MPH)
Top of the 6th over - 1 run, 1 hit, 0 errors, 2 left on base; Caldwell 4 - Myrtle Beach 9
BOTTOM OF THE 6TH
Myrtle Beach Seahawks batting - Pitching for Caldwell Chiefs : RHP Jiao-long Yuen
Batting: RHB Darren Gordam 0-0: Foul Ball, location: 2F
0-1: Swinging Strike
0-2: Strikes out swinging
Batting: RHB Wendel Koudstaal 0-0: Ball
1-0: Ball
2-0: Ball
3-0: Called Strike
3-1: Base on Balls
Pitching: RHP Stephen Johnson
Batting: LHB Tim Carson 0-0: Ball
1-0: Called Strike
1-1: Called Strike
1-2: Strikes out swinging
Batting: RHB Cristo Lucas 0-0: Foul Ball, location: 2F
0-1: 2-RUN HOME RUN (Flyball, 7D, EV 98.8 MPH), Distance : 405 ft
Batting: LHB John Allen 0-0: Called Strike
0-1: Swinging Strike
0-2: Ball
1-2: Ball
2-2: Strikes out swinging
Bottom of the 6th over - 2 runs, 1 hit, 0 errors, 0 left on base; Caldwell 4 - Myrtle Beach 11
TOP OF THE 7TH
Caldwell Chiefs batting - Pitching for Myrtle Beach Seahawks : RHP Joe Gregg
Batting: LHB Jorge Napolez 0-0: Ball
1-0: Ball
2-0: Called Strike
2-1: Ground out 5-3 (Groundball, 5, EV 98.8 MPH)
Batting: LHB Richard Barlow 0-0: Foul Ball, location: 2F
0-1: Fly out, F7 (Flyball, 78S, EV 76.2 MPH)
Batting: LHB Rafael Martínez 0-0: Called Strike
0-1: Fly out, F7 (Line Drive, 7, EV 104.4 MPH)
Top of the 7th over - 0 runs, 0 hits, 0 errors, 0 left on base; Caldwell 4 - Myrtle Beach 11
BOTTOM OF THE 7TH
Myrtle Beach Seahawks batting - Pitching for Caldwell Chiefs : RHP Stephen Johnson
Batting: SHB Christian Davis 0-0: Called Strike
0-1: Ball
1-1: SINGLE (Groundball, 6D, EV 99.4 MPH)
Batting: RHB Andrew Sprinkle 0-0: Ball
1-0: Fielders Choice at 2nd, 1-6 (Groundball, 34S, EV 85.6 MPH)
Batting: RHB Xavier Botín 0-0: Fly out, F8 (Line Drive, 8LD, EV 92.5 MPH)
Batting: RHB Nicholas Colling 0-0: Ground out 5-3 (Groundball, 56S, EV 63.8 MPH)
Bottom of the 7th over - 0 runs, 1 hit, 0 errors, 1 left on base; Caldwell 4 - Myrtle Beach 11
TOP OF THE 8TH
Caldwell Chiefs batting - Pitching for Myrtle Beach Seahawks : RHP Joe Gregg
Batting: RHB Kuan Pi 0-0: Ball
1-0: Ball
2-0: Ball
3-0: Base on Balls
Batting: RHB Bastien Oudin 0-0: Swinging Strike
0-1: Swinging Strike
0-2: Ball
1-2: Strikes out swinging
Batting: RHB Jesús Mancebo 0-0: Ball
1-0: SINGLE (Groundball, 56D, EV 100.0 MPH)
Kuan Pi to second
Kuan Pi to third
Batting: RHB Kane Felton 0-0: Ball
1-0: Swinging Strike
1-1: Fly out, F8 (Flyball, 78D, EV 93.1 MPH)
Runner from 3rd tags up, OUT at HOME! 8-2
Top of the 8th over - 0 runs, 1 hit, 0 errors, 1 left on base; Caldwell 4 - Myrtle Beach 11
BOTTOM OF THE 8TH
Myrtle Beach Seahawks batting - Pitching for Caldwell Chiefs : RHP Stephen Johnson
Batting: RHB Darren Gordam 0-0: Called Strike
0-1: Called Strike
0-2: DOUBLE (Line Drive, 7LS, EV 100.6 MPH)
Batting: RHB Wendel Koudstaal 0-0: Ball
1-0: Called Strike
1-1: Ball
2-1: Foul Ball, location: 2F
2-2: Ground out 6-3 (Groundball, 6M, EV 101.2 MPH)
Darren Gordam to third
Batting: LHB Tim Carson 0-0: Ball
1-0: Ground out 3-1 (Groundball, 34S, EV 71.2 MPH)
Darren Gordam scores
Batting: RHB Cristo Lucas 0-0: Ball
1-0: Foul Ball, location: 2F
1-1: Called Strike
1-2: Foul Ball, location: 2F
1-2: Foul Ball, location: 2F
1-2: Ball
2-2: Ground out 5-3 (Groundball, 5, EV 88.1 MPH)
Bottom of the 8th over - 1 run, 1 hit, 0 errors, 0 left on base; Caldwell 4 - Myrtle Beach 12
TOP OF THE 9TH
Caldwell Chiefs batting - Pitching for Myrtle Beach Seahawks : RHP Joe Gregg
Batting: RHB Derrick Davis 0-0: Fly out, F9 (Flyball, 89S, EV 78.8 MPH)
Batting: LHB John Kersey 0-0: Called Strike
0-1: Foul Ball, location: 2F
0-2: Ball
1-2: Ground out 1-3 (Groundball, 13, EV 84.4 MPH)
Batting: LHB Jorge Napolez 0-0: Ball
1-0: DOUBLE (Line Drive, 5D, EV 99.4 MPH)
Batting: LHB Richard Barlow 0-0: Ball
1-0: 2-RUN HOME RUN (Flyball, 9D, EV 100.0 MPH), Distance : 408 ft
Pitching: RHP Carlos Pagán
Batting: LHB Rafael Martínez 0-0: Called Strike
0-1: Ground out 6-3 (Groundball, 6, EV 86.9 MPH)
Top of the 9th over - 2 runs, 2 hits, 0 errors, 0 left on base; Caldwell 6 - Myrtle Beach 12
Tuesday, January 5th, 2021 - OOTP Baseball 20.8 Build 74